 Dungeon Crawl Stone Soup version 0.32-a0-995-gb4a59205af (webtiles) character file.

Game seed: 4218081728858965199

20 TacoSundae the Slasher (level 2, -1/22 HPs)
             Began as a Coglin Gladiator on Apr 22, 2024.
             Slain by a goblin
             ... wielding a +0 club
             ... led by Robin
              (6 damage)
             ... on level 1 of the Dungeon.
             The game lasted 00:01:05 (596 turns).

TacoSundae the Slasher (Coglin Gladiator)            Turns: 596, Time: 00:01:06

Health: -1/22      AC:  6    Str: 14    XL:     2   Next: 79%
Magic:  2/2        EV: 10    Int:  7    God:
Gold:   51         SH:  0    Dex: 15    Spells: 1/1 levels left

rFire   . . .        a - +0 long sword {Masataka}
rCold   . . .        h - +1 dagger (vamp) {Sanghe}
rNeg    . . .        f - +0 ring mail
rPois   .            c - +0 helmet
rElec   .            (no cloak)
rCorr   .            (no gloves)
SInv    .            (no boots)
Will    .....        (amulet unavailable)
Stlth   +            (ring unavailable)
HPRegen 0.23/turn    (ring unavailable)
MPRegen 0.08/turn    (no gizmo)

%: no passive effects
@: revving
A: off-hand wielding, slow wielding, warmup strikes, no jewellery
a: Invent Gizmo


You were on level 1 of the Dungeon.
You visited 1 branch of the dungeon, and saw 2 of its levels.

You collected 51 gold pieces.

Inventory:

Hand Weapons
 a - a +0 long sword (weapon) {Masataka}
 h - a +1 vampiric dagger (offhand) {Sanghe}
Missiles
 d - 3 throwing nets (quivered)
 e - a javelin
Armour
 c - a +0 helmet (worn)
 f - a +0 ring mail (worn)
Scrolls
 b - 2 scrolls of identify {unknown}
 g - a scroll of immolation {unknown}
 j - a scroll of teleportation {unknown}
 m - a scroll of revelation {unknown}
Potions
 i - a potion of haste {unknown}
 k - a potion of curing {unknown}
 l - a potion of attraction {unknown}


   Skills:
 - Level 2.0 Fighting
 + Level 4.0 Long Blades
 - Level 1.7 Throwing
 - Level 2.6 Dodging


You had one spell level left.
You didn't know any spells.
Your spell library contained the following spells:

 Spells                   Type           Power      Damage    Failure   Level
 Summon Small Mammal      Summ           0%         N/A       67%         1
 Call Canine Familiar     Summ           0%         N/A       96%         3
 Summon Blazeheart Golem  Fire/Summ      0%         N/A       100%        4


Dungeon Overview and Level Annotations

Branches:
Dungeon (2/15)

Altars:

Annotations:
D:2 Robin


Innate Abilities, Weirdness & Mutations

You can wield a second weapon in your off-hand.
It takes a long time for you to wield or remove held weapons.
Your first few attacks do less damage.
You cannot equip rings or amulets.


Message History

Unknown command.
You are too injured to fight recklessly!
You are too injured to fight recklessly!
You are too injured to fight recklessly!
You hit the goblin with your +0 long sword.
You kill the goblin!
The hobgoblin no longer looks unusually strong.
The hobgoblin barely misses you.
The hobgoblin hits you but does no damage.
You barely miss the hobgoblin with your +0 long sword.
The hobgoblin is almost dead.
You closely miss the hobgoblin with your +1 vampiric dagger.
The hobgoblin hits you but does no damage.
You hit the hobgoblin with your +1 vampiric dagger.
You kill the hobgoblin!
Your Long Blades skill increases to level 4!
Things that are here:
a +0 dagger {Qing}; a hobgoblin corpse; a goblin skeleton
There is a stone staircase leading down here.
You start resting.
HP restored.
You climb downwards.
Level annotation: Robin Robin throws the goblin at you!
The goblin hits you with a +0 club.
There is a stone staircase leading up, spattered with blood here.
Unknown command.
Robin roars a battlecry!
The goblins go into a battle-frenzy!
The hobgoblin hits you. The hobgoblin barely misses you.
The goblin hits you with a +0 club.
* * * LOW HITPOINT WARNING * * *
The hobgoblin shouts!
You climb upwards.
There is a stone staircase leading down here.
You barely miss the goblin with your +1 vampiric dagger.
You closely miss the goblin with your +0 long sword.
The hobgoblin hits you.
* * * LOW HITPOINT WARNING * * *
The hobgoblin barely misses you. The goblin hits you with a +0 club.
You die...

############.##.#...##..........
#....#...##).........
#.#.##..)##.#........
############.#........(..≈≈≈≈≈≈≈
#.......................≈≈.....≈
#...........[..####....≈≈..♣....
#.[............)......≈≈..ß.<...
#.............gg#.....≈..♣.....ß
#.............#@g.....≈.........
#.......###########.#.≈≈.♣......
######### #.#..≈≈..ß....
#..#..≈≈♣....≈ ##.....≈≈≈.≈≈≈
#.##......... #.##.........
#............ #..#.........


You could see 2 hobgoblins and a goblin (strong).

Vanquished Creatures
  A dart slug (D:1)
  9 goblins
  2 hobgoblins (D:1)
  A quokka (D:1)
  A rat (D:1)
14 creatures vanquished.

Notes
Turn   | Place    | Note
-------+----------+-------------------------------------------
     0 | D:1      | TacoSundae the Coglin Gladiator began the quest for the
                  | Orb.
     0 | D:1      | Reached XP level 1. HP: 16/16 MP: 1/1
   108 | D:1      | Reached XP level 2. HP: 22/22 MP: 2/2
   428 | D:1      | Found a faded altar of an unknown god.
   521 | D:2      | Noticed Robin
   546 | D:1      | Reached skill level 4 in Long Blades
   596 | D:1      | Slain by a goblin

Illustrated notes

Levels and vault maps discovered:
D:1:      moated_graveyard_arrival, layout_basic, basic_ecumenical_altar
D:2:      layout_rooms, dreamdust_princess_bridge, minmay_lizard_king,
          uniq_robin

Skill      XL: |  1  2 |
---------------+-------+-----
Long Blades    | 4 |  4.0
Fighting       | |  2.0
Throwing       | |  1.7
Dodging        | |  2.6

Action                     || total
---------------------------++-------
  Melee: Long sword        ||    31
         Dagger            ||    25
 Armour: Leather armour    ||     4
         Ring mail         ||    23
  Dodge: Dodged            ||    19

Table legend: (Time is in decaauts)
 A = Elapsed time spent in this place.
 B = Non-inter-level travel time spent in this place.
 C = Inter-level travel time spent in this place.
 D = Time resting spent in this place.
 E = Time spent auto-exploring this place.
 F = Levels seen in this place.
 G = Mean time per level.
                   A        B        C        D        E       F      G
               +--------+--------+--------+--------+--------+-----+--------+
         Total |    599 |    544 |     55 |     44 |    361 |   2 |  299.5 |
       Dungeon |    599 |    544 |     55 |     44 |    361 |   2 |  299.5 |
               +--------+--------+--------+--------+--------+-----+--------+

Top non-repeatable levels by time:
     D:1: 568 daAuts
     D:2: 31 daAuts
